BR (22 & UNDER)
GRAND RAPIDS DUTCH OVENS @ SANTA CLARITA MUSIC
07/14/2029
 
TOP OF THE 1ST
Grand Rapids Dutch Ovens batting - Pitching for Santa Clarita Music : LHP Mario Árias
Pitching: LHP Mario Árias
Batting: RHB Earl Davis 0-0: Called Strike
0-1: Called Strike
0-2: Strikes out looking
Batting: RHB Jason Philip 0-0: Foul Ball, location: 2F
0-1: Ball
1-1: SINGLE (Line Drive, 34D)
Batting: RHB Víctor López 0-0: Ball
1-0: Ball
2-0: Called Strike
2-1: Ball
3-1: Foul Ball, location: 2F
3-2: Foul Ball, location: 2F
3-2: Strikes out swinging
Batting: RHB Antenor Anchieta 0-0: Fly out, F6 (Line Drive, 6)
Top of the 1st over - 0 runs, 1 hit, 0 errors, 1 left on base; Grand Rapids 0 - Santa Clarita 0
BOTTOM OF THE 1ST
Santa Clarita Music batting - Pitching for Grand Rapids Dutch Ovens : RHP Jesús Gonzáles
Pitching: RHP Jesús Gonzáles
Batting: RHB Luis Suárez 0-0: Ball
1-0: Ball
2-0: Called Strike
2-1: Ball
3-1: Base on Balls
Batting: RHB Juan Alvarado 0-0: Foul Ball, location: 2F
0-1: Foul Ball, location: 2F
0-2: Ball
1-2: Ball
2-2: SINGLE (Line Drive, 78S)
Luis Suárez to second
Batting: RHB Jesús Morales 0-0: Called Strike
0-1: Ball
1-1: Swinging Strike
1-2: SINGLE (Line Drive, 56)
Luis Suárez to third
Juan Alvarado to second
Runner from 3rd tries for Home, SAFE, no throw
Batting: SHB Stan Gómez 0-0: Ball
1-0: Called Strike
1-1: Grounds into double play, 6-4-3 (Groundball, 56)
Juan Alvarado to third
Batting: RHB Lyle Johnston 0-0: Called Strike
0-1: Ball
1-1: Foul Ball, location: 2F
1-2: 2-RUN HOME RUN (Flyball, 7D), Distance : 410 ft
Batting: SHB Pedro Rodríguez 0-0: Ball
1-0: Foul Ball, location: 2F
1-1: Ball
2-1: Ball
3-1: Ground out 5-3 (Groundball, 5)
Bottom of the 1st over - 3 runs, 3 hits, 0 errors, 0 left on base; Grand Rapids 0 - Santa Clarita 3
TOP OF THE 2ND
Grand Rapids Dutch Ovens batting - Pitching for Santa Clarita Music : LHP Mario Árias
Batting: RHB Ray Bray 0-0: Ball
1-0: Ball
2-0: Ball
3-0: Base on Balls
Batting: RHB Mike Best 0-0: Swinging Strike
0-1: 2-RUN HOME RUN (Flyball, 9D), Distance : 398 ft
Batting: LHB Gregory Pérez 0-0: Bunt for hit - play at first, batter safe!
Batting: RHB Ismael Mojica 0-0: Called Strike
0-1: TRIPLE (Line Drive, 9D)
Gregory Pérez scores
Batting: RHB Weldon Bell 0-0: Ball
1-0: Ball
2-0: Ball
3-0: Base on Balls
Batting: RHB Earl Davis 0-0: Ball
1-0: Foul Ball, location: 2F
1-1: DOUBLE (Groundball, 5L)
Ismael Mojica scores
Weldon Bell to third
Batting: RHB Jason Philip 0-0: SINGLE (Line Drive, 6M)
Weldon Bell scores
Earl Davis to third
Batting: RHB Víctor López 0-0: Called Strike
0-1: Fly out, F8 (Flyball, 8RS)
Runner from 3rd tags up, SCORES, no throw
Batting: RHB Antenor Anchieta 0-0: Ball
1-0: Fly out, F9 (Flyball, 9)
Batting: RHB Ray Bray 0-0: Foul Ball, location: 2F
0-1: Foul Ball, location: 2F
0-2: Ball
1-2: Fly out, F4 (Popup, 4MD)
Top of the 2nd over - 6 runs, 5 hits, 0 errors, 1 left on base; Grand Rapids 6 - Santa Clarita 3
BOTTOM OF THE 2ND
Santa Clarita Music batting - Pitching for Grand Rapids Dutch Ovens : RHP Jesús Gonzáles
Batting: RHB Adam Gentry 0-0: Ball
1-0: Ball
2-0: Ball
3-0: Base on Balls
Batting: RHB Sergio Moreno 0-0: Ball
1-0: Swinging Strike
1-1: Swinging Strike
1-2: Foul Ball, location: 2F
1-2: Strikes out swinging
Batting: RHB Leroy Bates 0-0: Ball
1-0: Fly out, F8 (Flyball, 8RS)
Batting: RHB Luis Suárez 0-0: Ball
Adam Gentry steals 2nd base
1-0: Ball
2-0: Foul Ball, location: 2F
2-1: Ground out 4-3 (Groundball, 4)
Bottom of the 2nd over - 0 runs, 0 hits, 0 errors, 1 left on base; Grand Rapids 6 - Santa Clarita 3
TOP OF THE 3RD
Grand Rapids Dutch Ovens batting - Pitching for Santa Clarita Music : LHP Mario Árias
Batting: RHB Mike Best 0-0: Foul Ball, location: 2F
0-1: Foul Ball, location: 2F
0-2: Strikes out swinging
Batting: LHB Gregory Pérez 0-0: Ball
1-0: Called Strike
1-1: Ball
2-1: Swinging Strike
2-2: Strikes out looking
Batting: RHB Ismael Mojica 0-0: Foul Ball, location: 2F
0-1: Ball
1-1: Called Strike
1-2: Ball
2-2: Foul Ball, location: 2F
2-2: Ball
3-2: Base on Balls
Batting: RHB Weldon Bell 0-0: Called Strike
Ismael Mojica steals 2nd base
0-1: Ball
1-1: Ball
2-1: Foul Ball, location: 2F
2-2: Foul Ball, location: 2F
2-2: Strikes out looking
Top of the 3rd over - 0 runs, 0 hits, 0 errors, 1 left on base; Grand Rapids 6 - Santa Clarita 3
BOTTOM OF THE 3RD
Santa Clarita Music batting - Pitching for Grand Rapids Dutch Ovens : RHP Jesús Gonzáles
Batting: RHB Juan Alvarado 0-0: Ball
1-0: Swinging Strike
1-1: Ball
2-1: Swinging Strike
2-2: Ball
3-2: Foul Ball, location: 2F
3-2: Base on Balls
Batting: RHB Jesús Morales 0-0: Ball
1-0: Foul Ball, location: 2F
1-1: Grounds into double play, 6-4-3 (Groundball, 6)
Batting: SHB Stan Gómez 0-0: Foul Ball, location: 2F
0-1: Ball
1-1: Called Strike
1-2: Ground out 5-3 (Groundball, 56)
Bottom of the 3rd over - 0 runs, 0 hits, 0 errors, 0 left on base; Grand Rapids 6 - Santa Clarita 3
TOP OF THE 4TH
Grand Rapids Dutch Ovens batting - Pitching for Santa Clarita Music : LHP Mario Árias
Batting: RHB Earl Davis 0-0: Called Strike
0-1: Foul Ball, location: 2F
0-2: Ball
1-2: Ball
2-2: Fly out, F8 (Flyball, 8RD)
Batting: RHB Jason Philip 0-0: Ball
1-0: Foul Ball, location: 2F
1-1: Fly out, F7 (Flyball, 7D)
Batting: RHB Víctor López 0-0: Called Strike
0-1: Foul Ball, location: 2F
0-2: Ground out 4-3 (Groundball, 4MD)
Top of the 4th over - 0 runs, 0 hits, 0 errors, 0 left on base; Grand Rapids 6 - Santa Clarita 3
BOTTOM OF THE 4TH
Santa Clarita Music batting - Pitching for Grand Rapids Dutch Ovens : RHP Jesús Gonzáles
Batting: RHB Lyle Johnston 0-0: Ball
1-0: Fly out, F4 (Popup, 4M)
Batting: SHB Pedro Rodríguez 0-0: Foul Ball, location: 2F
0-1: SINGLE (Line Drive, 34D)
Batting: RHB Adam Gentry 0-0: Ball
1-0: Swinging Strike
1-1: Ball
2-1: Ball
3-1: Foul Ball, location: 2F
3-2: Ground out 5-3 (Groundball, 56S)
Pedro Rodríguez to second
Batting: RHB Sergio Moreno 0-0: Foul Ball, location: 2F
0-1: Ball
1-1: SINGLE (Line Drive, 4D)
Pedro Rodríguez to third
Runner from 3rd tries for Home, SAFE, no throw
Batting: RHB Leroy Bates 0-0: Foul Ball, location: 2F
0-1: Foul Ball, location: 2F
0-2: Foul Ball, location: 2F
0-2: Strikes out swinging
Bottom of the 4th over - 1 run, 2 hits, 0 errors, 1 left on base; Grand Rapids 6 - Santa Clarita 4
TOP OF THE 5TH
Grand Rapids Dutch Ovens batting - Pitching for Santa Clarita Music : LHP Mario Árias
Batting: RHB Antenor Anchieta 0-0: Foul Ball, location: 2F
0-1: Ground out 6-3 (Groundball, 6)
Batting: RHB Ray Bray 0-0: Ball
1-0: Ball
2-0: Called Strike
2-1: Ball
3-1: Ground out 6-3 (Groundball, 6)
Batting: RHB Mike Best 0-0: Fly out, F6 (Popup, 6MD)
Top of the 5th over - 0 runs, 0 hits, 0 errors, 0 left on base; Grand Rapids 6 - Santa Clarita 4
BOTTOM OF THE 5TH
Santa Clarita Music batting - Pitching for Grand Rapids Dutch Ovens : RHP Jesús Gonzáles
Batting: RHB Luis Suárez 0-0: Foul Ball, location: 2F
0-1: Swinging Strike
0-2: Foul Ball, location: 2F
0-2: Ball
1-2: Ball
2-2: Ball
3-2: Fly out, F8 (Flyball, 89M)
Batting: RHB Juan Alvarado 0-0: Swinging Strike
0-1: Foul Ball, location: 2F
0-2: Ground out 6-3 (Groundball, 56)
Batting: RHB Jesús Morales 0-0: SINGLE (Groundball, 6MD)
Pitching: LHP Germán Rivas
Batting: SHB Stan Gómez 0-0: Called Strike
0-1: Fly out, F4 (Popup, 4)
Bottom of the 5th over - 0 runs, 1 hit, 0 errors, 1 left on base; Grand Rapids 6 - Santa Clarita 4
TOP OF THE 6TH
Grand Rapids Dutch Ovens batting - Pitching for Santa Clarita Music : LHP Mario Árias
Pitching: RHP Júlio Cruz
Batting: LHB Gregory Pérez 0-0: DOUBLE (Line Drive, 78XD)
Batting: RHB Ismael Mojica 0-0: Ball
1-0: Called Strike
1-1: Ball
2-1: Called Strike
2-2: 2-RUN HOME RUN (Flyball, 78XD), Distance : 437 ft
Batting: RHB Weldon Bell 0-0: Foul Ball, location: 2F
0-1: Ground out 5-3 (Groundball, 56)
Batting: RHB Earl Davis 0-0: Ball
1-0: Foul Ball, location: 2F
1-1: Ball
2-1: Called Strike
2-2: Foul Ball, location: 2F
2-2: Fly out, F8 (Flyball, 89D)
Batting: RHB Jason Philip 0-0: Ground out 6-3 (Groundball, 6)
Top of the 6th over - 2 runs, 2 hits, 0 errors, 0 left on base; Grand Rapids 8 - Santa Clarita 4
BOTTOM OF THE 6TH
Santa Clarita Music batting - Pitching for Grand Rapids Dutch Ovens : LHP Germán Rivas
Batting: RHB Lyle Johnston 0-0: Swinging Strike
0-1: Ground out U3 (Groundball, 34)
Batting: SHB Pedro Rodríguez 0-0: Called Strike
0-1: Ball
1-1: Foul Ball, location: 2F
1-2: Ball
2-2: Foul Ball, location: 2F
2-2: Fly out, F7 (Flyball, 78M)
Batting: RHB Adam Gentry 0-0: Fly out, F8 (Flyball, 8RS)
Bottom of the 6th over - 0 runs, 0 hits, 0 errors, 0 left on base; Grand Rapids 8 - Santa Clarita 4
TOP OF THE 7TH
Grand Rapids Dutch Ovens batting - Pitching for Santa Clarita Music : RHP Júlio Cruz
Batting: RHB Víctor López 0-0: Called Strike
0-1: Foul Ball, location: 2F
0-2: Ground out 1-3 (Groundball, 15)
Batting: RHB Antenor Anchieta 0-0: Ball
1-0: Ball
2-0: Called Strike
2-1: SINGLE (Groundball, 6D)
Batting: RHB Ray Bray 0-0: Called Strike
0-1: Ball
1-1: Foul Ball, location: 2F
1-2: Foul Ball, location: 2F
1-2: Foul Ball, location: 2F
1-2: Fly out, F9 (Flyball, 9)
Batting: RHB Mike Best 0-0: Foul Ball, location: 2F
0-1: SINGLE (Groundball, 56) (infield hit)
Antenor Anchieta to second
Batting: LHB Gregory Pérez 0-0: Called Strike
0-1: SINGLE (Line Drive, 9LS)
Antenor Anchieta to third
Mike Best to second
Runner from 3rd tries for Home, SAFE, no throw
Batting: RHB Ismael Mojica 0-0: Called Strike
0-1: Fielders Choice at 2nd, 6-4 (Groundball, 6)
Top of the 7th over - 1 run, 3 hits, 0 errors, 2 left on base; Grand Rapids 9 - Santa Clarita 4
BOTTOM OF THE 7TH
Santa Clarita Music batting - Pitching for Grand Rapids Dutch Ovens : LHP Germán Rivas
Batting: RHB Sergio Moreno 0-0: Ground out 5-3 (Groundball, 56)
Batting: RHB Leroy Bates 0-0: Ball
1-0: Reached on error, E7 (Flyball, 78S)
Batting: RHB Luis Suárez 0-0: Called Strike
0-1: Fly out, F7 (Flyball, 7S)
Batting: RHB Juan Alvarado 0-0: Foul Ball, location: 2F
0-1: Swinging Strike
0-2: Strikes out swinging
Bottom of the 7th over - 0 runs, 0 hits, 1 error, 1 left on base; Grand Rapids 9 - Santa Clarita 4
TOP OF THE 8TH
Grand Rapids Dutch Ovens batting - Pitching for Santa Clarita Music : RHP Júlio Cruz
Batting: RHB Weldon Bell 0-0: Ground out 6-3 (Groundball, 6)
Batting: RHB Earl Davis 0-0: Ball
1-0: Ball
2-0: SINGLE (Line Drive, 9S)
Batting: RHB Jason Philip 0-0: Foul Ball, location: 2F
0-1: Ball
1-1: Ball
2-1: Called Strike
2-2: Ball
3-2: Base on Balls
Earl Davis to second
Batting: RHB Víctor López 0-0: Foul Ball, location: 2F
0-1: Swinging Strike
0-2: Ball
1-2: Foul Ball, location: 2F
1-2: Ball
2-2: Fielders Choice at 2nd, 6-4 (Groundball, 6)
Earl Davis to third
Batting: RHB Antenor Anchieta 0-0: SINGLE (Groundball, 13) (infield hit)
Earl Davis scores
Víctor López to second
Batting: RHB Ray Bray 0-0: Swinging Strike
0-1: Ball
1-1: Ball
2-1: Foul Ball, location: 2F
2-2: Ball
3-2: Foul Ball, location: 2F
3-2: Strikes out looking
Top of the 8th over - 1 run, 2 hits, 0 errors, 2 left on base; Grand Rapids 10 - Santa Clarita 4
BOTTOM OF THE 8TH
Santa Clarita Music batting - Pitching for Grand Rapids Dutch Ovens : LHP Germán Rivas
Batting: RHB Jesús Morales 0-0: Ball
1-0: Ball
2-0: SINGLE (Groundball, 56D)
Batting: SHB Stan Gómez 0-0: Called Strike
0-1: Ball
1-1: Foul Ball, location: 2F
1-2: Fly out, F8 (Flyball, 89S)
Batting: RHB Lyle Johnston 0-0: Called Strike
0-1: Called Strike
0-2: SINGLE (Groundball, 4S) (infield hit)
Jesús Morales to second
Batting: SHB Pedro Rodríguez 0-0: Foul Ball, location: 2F
0-1: Swinging Strike
0-2: Strikes out looking
Batting: RHB Adam Gentry 0-0: Called Strike
0-1: Ball
1-1: Fly out, F8 (Line Drive, 8LD)
Bottom of the 8th over - 0 runs, 2 hits, 0 errors, 2 left on base; Grand Rapids 10 - Santa Clarita 4
TOP OF THE 9TH
Grand Rapids Dutch Ovens batting - Pitching for Santa Clarita Music : RHP Júlio Cruz
Batting: RHB Mike Best 0-0: Called Strike
0-1: Foul Ball, location: 2F
0-2: Ball
1-2: Foul Ball, location: 2F
1-2: Ball
2-2: Ball
3-2: Base on Balls
Batting: LHB Gregory Pérez 0-0: Ball
1-0: Fielders Choice at 2nd, 5-4 (Groundball, 5)
Batting: RHB Ismael Mojica 0-0: Ball
1-0: Ball
2-0: Called Strike
2-1: SINGLE (Line Drive, 6MD)
Gregory Pérez to second
Batting: RHB Weldon Bell 0-0: Called Strike
0-1: Ball
1-1: Foul Ball, location: 2F
1-2: Reached on error, E6 (Groundball, 6D)
Gregory Pérez to third
Ismael Mojica to second
Batting: RHB Earl Davis 0-0: Called Strike
0-1: GRAND SLAM HOME RUN (Flyball, 7LD), Distance : 354 ft
Batting: RHB Jason Philip 0-0: Ground out 5-3 (Groundball, 56S)
Batting: RHB Víctor López 0-0: Ground out U3 (Groundball, 34S)
Top of the 9th over - 4 runs, 2 hits, 1 error, 0 left on base; Grand Rapids 14 - Santa Clarita 4
BOTTOM OF THE 9TH
Santa Clarita Music batting - Pitching for Grand Rapids Dutch Ovens : LHP Germán Rivas
Batting: RHB Sergio Moreno 0-0: Ground out 5-3 (Groundball, 5)
Batting: RHB Leroy Bates 0-0: Called Strike
0-1: SINGLE (Line Drive, 89S)
Batting: RHB Luis Suárez 0-0: Foul Ball, location: 2F
0-1: Ball
1-1: Ground out U3 (Groundball, 34S)
Leroy Bates to second
Batting: RHB Juan Alvarado 0-0: Ball
1-0: Called Strike
1-1: Swinging Strike
1-2: Strikes out swinging
Bottom of the 9th over - 0 runs, 1 hit, 0 errors, 1 left on base; Grand Rapids 14 - Santa Clarita 4
Saturday, December 16th, 2017 - OOTP Baseball 18.8 Build 76